Map: Écho EC

Players

AgCl

  • Race: Protoss Protoss

Slob - Winner!

  • Race: Zerg Zerg

VOD

Have the link to the VOD?

Description

Time

  • Played on: May 9, 2015, 6:01 p.m.
  • Length: 8:50
Show
View Real Time Build Order
Export as new Build Order

AgCl Protoss 

Build Orders:  

Get SALT Encoding   

  12  0:03  Probe  
  13  0:15  Probe  
  14  0:27  Pylon  
  14  0:32  Assimilator  
  14  0:45  Probe  
  14  0:48  Gateway  
  15  0:57  Probe  
  16  1:09  Probe  
  17  1:22  Probe  
  18  1:34  Probe, Forge  
  19  1:40  Pylon  
  19  1:45  Zealot (Chrono Boost)  
  19  1:46  Probe  
  22  2:03  Gateway  
  22  2:05  Pylon  
  22  2:11  Photon Cannon  
  22  2:13  Photon Cannon  
  22  2:17  Probe  
  22  2:30  Cybernetics Core  
  22  2:37  Nexus  
  22  2:45  Assimilator  
  22  2:57  Pylon  
  22  3:03  Probe (Chrono Boost)  
  22  3:15  Probe  
  20  3:32  Probe (Chrono Boost)  
  21  3:43  Probe (Chrono Boost)  
  22  3:50  Probe x2 (Chrono Boost)  
  22  3:51  Pylon  
  24  4:00  Probe (Chrono Boost)  
  24  4:01  Probe (Chrono Boost)  
  26  4:09  Warp Gate (Chrono Boost)  
  29  4:10  Probe (Chrono Boost)  
  29  4:13  Stalker  
  31  4:21  Probe (Chrono Boost)  
  31  4:24  Probe (Chrono Boost)  
  31  4:30  Probe (Chrono Boost)  
  32  4:34  Probe (Chrono Boost)  
  32  4:35  Stargate  
  32  4:37  Stargate  
  33  4:43  Probe (Chrono Boost)  
  33  4:44  Mothership Core (Chrono Boost)  
  36  4:55  Probe (Chrono Boost)  
  36  4:56  Assimilator  
  37  5:05  Probe x2 (Chrono Boost)  
  39  5:13  Probe (Chrono Boost), Assimilator  
  40  5:20  Probe (Chrono Boost)  
  42  5:22  Probe (Chrono Boost)  
  42  5:27  Probe (Chrono Boost)  
  43  5:30  Probe  
  42  5:36  Oracle (Chrono Boost)  
  42  5:38  Probe  
  42  5:42  Probe  
  50  5:43  Oracle (Chrono Boost)  
  50  5:53  Probe (Chrono Boost)  
  50  5:54  Probe (Chrono Boost)  
  50  5:56  Protoss Air Weapons Level 1  
  52  5:58  Pylon  
  52  6:08  Gateway  
  52  6:10  Pylon  
  52  6:14  Gateway  
  52  6:16  Probe x2  
  52  6:17  Photon Cannon  
  54  6:28  Probe  
  54  6:32  Sentry  
  56  6:50  Forge  
  56  6:55  Gateway  
  56  6:59  Zealot  
  56  7:00  Oracle (Chrono Boost)  
  65  7:05  Probe x2  
  64  7:16  Stalker  
  58  7:31  Phoenix (Chrono Boost)  
  56  7:43  Probe  
  57  7:44  Phoenix (Chrono Boost)  
  57  7:47  Probe  
  57  7:50  Pylon  
  60  7:54  Twilight Council, Stargate  
  60  7:56  Fleet Beacon  
  60  8:00  Pylon  
  60  8:08  Phoenix  
  60  8:09  Probe (Chrono Boost)  
  60  8:10  Probe (Chrono Boost)  
  55  8:16  Probe  
  55  8:17  Probe  
  55  8:21  Phoenix (Chrono Boost)  
Show
View Real Time Build Order
Export as new Build Order

Slob Zerg - Winner!

Build Orders: Hatch First 

Get SALT Encoding   

  12  0:01  Drone  
  13  0:09  Drone  
  14  0:34  Hatchery  
  13  0:36  Drone  
  14  0:44  Drone, Extractor  
  14  1:00  Spawning Pool  
  14  1:01  Drone  
  14  1:10  Overlord  
  14  1:40  Drone x2  
  14  1:41  Drone  
  17  1:48  Zergling x2  
  17  1:49  Queen  
  20  1:58  Zergling x4  
  22  2:21  Drone  
  22  2:22  Drone x3  
  26  2:39  Spine Crawler, Queen  
  27  2:46  Metabolic Boost  
  27  2:50  Drone  
  28  2:53  Overlord  
  28  3:17  Drone  
  28  3:18  Drone x8  
  36  3:24  Overlord  
  34  3:33  Drone x2  
  36  3:39  Lair  
  36  3:42  Overlord  
  36  3:45  Drone  
  36  3:48  Drone x4  
  41  3:53  Extractor  
  40  4:01  Roach Warren  
  39  4:11  Drone x3  
  39  4:12  Extractor  
  39  4:13  Drone x3  
  39  4:15  Drone  
  45  4:23  Overlord x2  
  45  4:29  Extractor  
  44  4:45  Drone  
  45  4:52  Hatchery  
  44  4:53  Spire  
  44  4:54  Drone x2  
  44  4:55  Drone  
  46  5:03  Zergling x2  
  46  5:04  Zergling x22  
  58  5:20  Queen  
  60  5:25  Drone x3  
  63  5:38  Drone, Spore Crawler  
  63  5:40  Drone  
  63  5:42  Spore Crawler  
  63  5:45  Hydralisk Den  
  63  5:46  Drone  
  63  5:49  Drone x4  
  67  6:01  Overlord  
  67  6:02  Overlord x4  
  67  6:23  Spore Crawler, Queen  
  64  6:37  Mutalisk  
  64  6:38  Mutalisk x7  
  77  6:53  Extractor x2  
  75  7:09  Mutalisk x3  
  81  7:27  Mutalisk  
  83  7:30  Drone  
  83  7:31  Drone x15  
  99  7:43  Overseer  
  99  7:44  Overlord  
  99  7:45  Overlord x4  
  99  7:51  Drone x2  
  99  7:52  Evolution Chamber  
  100  8:08  Mutalisk x3  
  104  8:31  Roach x14  
Tags
 
Add a new tag
Caveats
  • Supply blocks, unpowered buildings, or Contaminate may cause inaccurate times.
  • Supply counts are checked every 10 seconds.